 Dungeon Crawl Stone Soup version 0.27.1-35-g4d5d836560 (webtiles) character file.

Game seed: 18049170007307818504

176 Delamore the Sneak (level 5, 0/32 HPs)
             Began as an Octopode Brigand on Feb 24, 2022.
             Was a Follower of Qazlal.
             Slain by an endoplasm (3 damage)
             ... on level 3 of the Dungeon.
             The game lasted 00:02:51 (2077 turns).

Delamore the Sneak (Octopode Brigand)               Turns: 2077, Time: 00:02:51

Health: 0/32       AC:  1    Str: 10    XL:     5   Next: 56%
Magic:  5/5        EV: 13    Int: 14    God:    Qazlal [*.....]
Gold:   44         SH:  1    Dex: 14    Spells: 4/4 levels left

rFire    . . .     SeeInvis .   a - +2 dagger
rCold    + . .     Faith    .   (no shield)
rNeg     . . .     Spirit   .   (helmet restricted)
rPois    .         Reflect  .   (no amulet)
rElec    .         Harm     .   (no ring)
rCorr    .         Rampage  .   (no ring)
Will     .....                  (no ring)
Stlth    ++++......             (no ring)
HPRegen  0.10/turn              (no ring)
MPRegen  0.09/turn              (no ring)
                                (no ring)
                                (no ring)

@: no status effects
A: almost no armour, amphibious, 8 rings, camouflage 1, gelatinous body 1,
(nimble swimmer 1), tentacles, tentacle spike 1, cold resistance 1, frail 1,
evolution 1
a: Renounce Religion


You were on level 3 of the Dungeon.
You worshipped Qazlal.
Qazlal was aware of your devotion.
You visited 1 branch of the dungeon, and saw 4 of its levels.

You collected 44 gold pieces.

Inventory:

Hand Weapons
 a - a +2 dagger (weapon)
Missiles
 b - 7 poisoned darts (quivered)
 c - a curare-tipped dart


   Skills:
 + Level 3.1 Fighting
 + Level 3.5 Short Blades
 - Level 2.0 Throwing
 + Level 2.4 Dodging
 - Level 6.5 Stealth


You had 4 spell levels left.
You didn't know any spells.
Your spell library was empty.

Dungeon Overview and Level Annotations

Branches:
Dungeon (4/15)
 Temple: D:4-7

Altars:
Qazlal

Annotations:
D:3 Ijyb


Innate Abilities, Weirdness & Mutations

You cannot wear most types of armour.
You are amphibious.
You can wear up to eight rings at the same time.
Your skin changes colour to match your surroundings (Stealth+).
Your rubbery body absorbs attacks. (AC +1, EV +1)
((You are camouflaged near water. (Stealth+)))
You have tentacles for arms and can constrict up to eight enemies at once.
One of your tentacles bears a spike.
Your flesh is cold resistant. (rC+)
You are frail. (-10% HP)
You evolve.


Message History

Found a stone staircase leading up.
There is a stone staircase leading up here.
The ice beast closely misses you.
You climb upwards.
Ijyb shouts!
There is a stone staircase leading down here.
Found 16 gold pieces.
Found a scale mail.
You see here 16 gold pieces.
You see here a +0 scale mail.
Found a whip.
The ice beast barely misses you.
A kobold comes into view. It is wielding a +0 short sword.
Found a blue potion.
The kobold shouts!
The kobold throws a stone.
The stone hits you.
Found 8 gold pieces.
You see here a blue potion.
Ijyb screams, "Die!"
The ice beast hits you.
* * * LOW HITPOINT WARNING * * *
The ice beast freezes you. You resist.
* * * LOW HITPOINT WARNING * * *
Found a book of Spatial Translocations.
Found a stone staircase leading up.
An orc comes into view.
It is wielding a +2 whip of electrocution.
A hobgoblin comes into view.
Ijyb screams, "Die!"
The hobgoblin hits you.
* * * LOW HITPOINT WARNING * * *
An endoplasm comes into view.
A goblin comes into view. It is wielding a +0 dagger.
You hit the kobold. You grab the kobold.
The kobold is heavily wounded.
You constrict the kobold.
The endoplasm jiggles.
The kobold closely misses you.
You release your grip on the kobold.
The kobold misses you.
Ijyb grins evilly.
The endoplasm hits you.
You die...

#.# #.# # #.#####.#.
#####.#........
.K.......##.#.# .........#
.#.# .####.##!##.#.########
......##.##.....KY.g.####
.#####..K..##.#.@J.ยง....##
####.....##...####..#..#
.........$.....##o.##.##.#
..####.....###.#... #..#.#
..# #.....# #.#..# ..g#.#
..# ###.#####.##.##..##g#
.# #..:.<...#..####..# #
######........g..##
##........###


You could see an ice beast, Ijyb, an endoplasm and a kobold.

Vanquished Creatures
  An ogre (D:4)
  A centaur skeleton (D:4)
  An iguana (D:4)
  An adder (D:4)
  3 endoplasms (D:1)
  A giant cockroach (D:1)
  2 goblins (D:1)
  3 hobgoblins (D:1)
  3 jackals (D:1)
  2 quokkas (D:1)
  4 ball pythons (D:1)
  6 bats
  3 kobolds (D:1)
  4 rats
35 creatures vanquished.

Notes
Turn   | Place    | Note
-------+----------+-------------------------------------------
     0 | D:1      | Delamore the Octopode Brigand began the quest for the Orb.
     0 | D:1      | Reached XP level 1. HP: 14/14 MP: 1/1
    55 | D:1      | Found a faded altar of an unknown god.
    93 | D:1      | Reached XP level 2. HP: 15/19 MP: 2/2
   258 | D:1      | Reached skill level 6 in Stealth
   615 | D:1      | Became a worshipper of Qazlal Stormbringer
   615 | D:1      | Reached * piety under Qazlal
   761 | D:1      | Reached XP level 3. HP: 21/24 MP: 3/3
  1506 | D:2      | You fall into a shaft and drop 2 floors!
  1507 | D:4      | Noticed an ogre
  1524 | D:4      | Reached XP level 4. HP: 4/29 MP: 4/4
  1555 | D:4      | Killed an ogre
  1556 | D:4      | Reached XP level 5. HP: 9/36 MP: 5/5
  1857 | D:4      | Noticed an ice beast
  1878 | D:4      | Gained mutation: You are frail. (-10% HP) [potion of
                  | mutation]
  1878 | D:4      | Gained mutation: You evolve. [potion of mutation]
  1878 | D:4      | Gained mutation: One of your tentacles bears a spike.
                  | [potion of mutation]
  1878 | D:4      | Gained mutation: Your flesh is cold resistant. (rC+)
                  | [potion of mutation]
  2006 | D:3      | Noticed Ijyb
  2077 | D:3      | Slain by an endoplasm

Illustrated notes

Levels and vault maps discovered:
D:1:      arrival_zaba_pyramid, layout_basic, ebering_ecumenical_altar_box
D:2:      layout_loops_ring, minmay_misc_feat_room
D:3:      layout_loops_ring, zin_scriptorium, minmay_close_crescents, uniq_ijyb
D:4:      layout_basic, mainiacjoe_overflow_catwalk_spiral

Skill      XL: |  1  2  3  4 |
---------------+-------------+-----
Stealth        | 6 |  6.5
Short Blades   | 3 |  3.5
Fighting       | 3 |  3.1
Dodging        | 2 |  2.4
Throwing       | |  2.0

Action                   |  1- 3 |  4- 6 || total
-------------------------+-------+-------++-------
Melee: Dagger            |    62 |    12 ||    74
       Constrict         |    20 |     2 ||    22
       Tentacles         |    12 |     2 ||    14
       Kick              |       |     1 ||     1
Throw: Dart              |     1 |     5 ||     6
  Use: Potion            |       |     2 ||     2
 Stab: Sleeping          |     4 |       ||     4
Armor: Skin              |    12 |       ||    12
Dodge: Dodged            |    40 |    10 ||    50
Block: Other             |       |     1 ||     1
